 Dungeon Crawl Stone Soup version 0.28-a0-1206-g193881aaa2 (webtiles) character file.

Game seed: 7462250803697300351

702 ytrimaz the Ruffian (level 7, -2/67 HPs)
             Began as a Demigod Transmuter on Dec 20, 2021.
             Slain by a killer bee (8 damage)
             ... on level 4 of the Dungeon.
             The game lasted 00:05:23 (4005 turns).

ytrimaz the Ruffian (Demigod Transmuter)            Turns: 4005, Time: 00:05:24

Health: -2/67      AC:  5    Str: 19    XL:     7   Next: 15%
Magic:  9/15       EV: 10    Int: 15    God:
Gold:   131        SH:  0    Dex: 14    Spells: 2/12 levels left

rFire   x . .      SeeInvis .     - Unarmed
rCold   + + +      Faith    .   (shield currently unavailable)
rNeg    . . .      Spirit   .   (armour currently unavailable)
rPois   +          Reflect  .   (helmet currently unavailable)
rElec   .          Harm     .   (cloak currently unavailable)
rCorr   .          Rampage  .   (gloves currently unavailable)
Will    .....                   (boots currently unavailable)
Stlth   +.........              (no amulet)
HPRegen 0.21/turn               f - ring of wizardry
MPRegen 0.14/turn               (no ring)

@: lethally poisoned (-2 -> -12), ice-form, wereblooded
A: freezing attack, amphibious, boosted hp, large, high mp 1, forlorn, divine
attributes
a: End Transformation


You were on level 4 of the Dungeon.
You were a creature of crystalline ice.
You visited 1 branch of the dungeon, and saw 4 of its levels.

You collected 131 gold pieces.

Inventory:

Missiles
 h - 2 throwing nets
Armour
 a - a +0 robe (melded)
 e - a +1 pair of gloves (melded)
Jewellery
 c - a ring of ice
 f - a ring of wizardry (left front paw)
Wands
 b - a wand of digging (5)
 i - a wand of flame (6)
 j - a wand of iceblast (8)
Potions
 d - a potion of mutation


   Skills:
 * Level 2.8 Fighting
 + Level 3.0 Dodging
 + Level 4.5 Unarmed Combat
 * Level 3.4 Spellcasting
 * Level 3.5 Transmutations
 * Level 2.2 Poison Magic


You had 2 spell levels left.
You knew the following spells:

 Your Spells              Type           Power      Damage    Failure   Level
a - Beastly Appendage     Tmut           26%        N/A       1%          1
b - Wereblood             Tmut           13%        N/A       2%          2
c - Spider Form           Tmut/Pois      11%        N/A       7%          3
d - Ice Form              Ice/Tmut       7%         N/A       34%         4

Your spell library contained the following spells:

 Spells                   Type           Power      Damage    Failure   Level
 Gell's Gravitas          Tloc           2%         N/A       22%         3
 Lesser Beckoning         Tloc           2%         N/A       22%         3
 Teleport Other           Tloc           2%         N/A       22%         3


Dungeon Overview and Level Annotations

Branches:
Dungeon (4/15)
 Temple: D:4-7


Innate Abilities, Weirdness & Mutations

You are a creature of crystalline ice.
You have a powerful freezing melee attack.
You are amphibious.
Your maximum health is increased.
Your armour is entirely melded.
You are incapable of wielding weapons or throwing items.
You have an increased reservoir of magic. (+10% MP)
You shall have no god before yourself.
Your divine heritage dramatically boosts your attributes as you level up.


Message History

The killer bee stings you. x2
Unknown command.
A jelly comes into view.
You feel extremely sick.
The killer bee stings you but does no damage.
The killer bee barely misses you.
The killer bee stings you but does no damage.
You are too injured to fight recklessly!
You are too injured to fight recklessly!
You are too injured to fight recklessly!
Unknown command.
Casting: Ice Form (quite dangerous; 34% risk of failure)
Confirm with . or Enter, or press ? or * to list all spells.
Your blood is infused with primal strength.
* * * LOW HITPOINT WARNING * * *
You feel very sick. The killer bee completely misses you.
The killer bee closely misses you.
The killer bee stings you but does no damage.
The killer bee completely misses you.
You closely miss the killer bee.
* * * LOW HITPOINT WARNING * * *
You feel very sick.
The jelly quivers.
The killer bee stings you.
* * * LOW HITPOINT WARNING * * *
The killer bee stings you but does no damage. x2
The killer bee misses you.
You punch the killer bee! You freeze the killer bee.
The killer bee is severely wounded.
* * * LOW HITPOINT WARNING * * *
You feel very sick.
The killer bee barely misses you. x2; The killer bee closely misses you.
The killer bee barely misses you.
You are too injured to fight recklessly!
You punch the killer bee! You freeze the killer bee.
You feel a bit better.
You kill the killer bee!
* * * LOW HITPOINT WARNING * * *
You feel very sick. The killer bee stings you!
You die...

##...............
#................
##.......(.....#
#............<.#
...........#...#
.......†......#
#.........#### #
#.........#.####..#
....)......gyyY....#
...........Z#y#....#
.....###...####...##
..... ###....# #..#
.... #...>..####...
.... ##...<.......J.
#.......##..#..
..........## ###.
##........#


You could see a jelly, 3 killer bees, a hobgoblin and a hound skeleton.

Vanquished Creatures
  Grinder (D:3)
  Sigmund (D:2)
  A killer bee (D:4)
  2 orc priests (D:3)
  Jessica (D:3)
  Terence (D:3)
  An orc wizard (D:3)
  A scorpion zombie (D:3)
  Robin (D:2)
  4 gnolls (D:3)
  An adder (D:3)
  An adder zombie (D:3)
  A worm (D:3)
  2 dart slugs
  7 orcs
  5 ball pythons
  11 endoplasms
  15 giant cockroaches
  11 hobgoblins
  7 kobolds
  3 quokkas
  5 bats
  2 frilled lizards
  12 goblins
  A jackal skeleton (D:4)
  4 rats
102 creatures vanquished.

Notes
Turn   | Place    | Note
-------+----------+-------------------------------------------
     0 | D:1      | ytrimaz the Demigod Transmuter began the quest for the Orb.
     0 | D:1      | Reached XP level 1. HP: 15/15 MP: 5/5
    97 | D:1      | Reached skill level 1 in Fighting
   272 | D:1      | Reached skill level 3 in Unarmed Combat
   334 | D:1      | Reached XP level 2. HP: 19/23 MP: 5/7
   888 | D:1      | Learned a level 2 spell: Wereblood
  1238 | D:1      | Reached XP level 3. HP: 26/28 MP: 6/8
  1242 | D:1      | Learned a level 3 spell: Spider Form
  1334 | D:2      | Noticed Sigmund
  1360 | D:2      | Killed Sigmund
  1361 | D:2      | Reached skill level 1 in Poison Magic
  1361 | D:2      | Reached XP level 4. HP: 19/36 MP: 8/10
  1361 | D:2      | Reached XP level 5. HP: 22/41 MP: 8/11
  1758 | D:2      | Noticed Robin
  1793 | D:2      | Killed Robin
  1816 | D:2      | HP: 2/41 [hobgoblin[Robin] (4)]
  2818 | D:3      | Noticed Terence
  2908 | D:3      | Noticed Jessica
  2915 | D:3      | Killed Jessica
  2916 | D:3      | Reached XP level 6. HP: 48/48 MP: 10/13
  2961 | D:3      | Reached skill level 4 in Unarmed Combat
  3225 | D:3      | Noticed Grinder
  3241 | D:3      | Killed Grinder
  3254 | D:3      | Killed Terence
  3255 | D:3      | Reached XP level 7. HP: 38/56 MP: 8/15
  3865 | D:3      | Learned a level 4 spell: Ice Form
  4005 | D:4      | Slain by a killer bee

Illustrated notes

Levels and vault maps discovered:
D:1:      dpeg_arrival_connections, layout_loops_ring
D:2:      layout_basic, basic_ecumenical_altar, uniq_robin, uniq_sigmund
D:3:      minmay_roachtagon, layout_rooms, lemuel_zombie_altar_yredelemnul,
          tso_altar, fountainhead, kennysheep_generic_room_10, uniq_terence,
          uniq_jessica, uniq_grinder
D:4:      layout_cave_pools, nrook_mini_vaults

Skill      XL: |  1  2  3  4  5  6  7 |
---------------+----------------------+-----
Fighting       | 1 2 |  2.8
Unarmed Combat | 3 4 |  4.5
Spellcasting   | 2 3 |  3.4
Dodging        | 2 3 |  3.0
Transmutations | 2 3 |  3.5
Poison Magic   | 1 2 |  2.2

Action                   |  1- 3 |  4- 6 |  7- 9 || total
-------------------------+-------+-------+-------++-------
Melee: Unarmed           |    90 |   123 |    56 ||   269
       Kick              |    11 |     9 |       ||    20
       Headbutt          |     7 |     4 |       ||    11
       Punch             |     1 |     1 |       ||     2
 Cast: Beastly Appendage |    15 |     9 |       ||    24
       Spider Form       |     1 |    12 |     6 ||    19
       Wereblood         |       |     3 |     2 ||     5
       Ice Form          |       |       |     1 ||     1
  Use: Potion            |     1 |     1 |     1 ||     3
       Scroll            |       |     4 |       ||     4
 Stab: Sleeping          |     1 |     1 |     1 ||     3
Armor: Robe              |    21 |    21 |     3 ||    45
       Skin              |       |     2 |    14 ||    16
Dodge: Dodged            |    54 |   100 |    47 ||   201

Table legend: (Time is in decaauts)
 A = Elapsed time spent in this place.
 B = Non-inter-level travel time spent in this place.
 C = Inter-level travel time spent in this place.
 D = Time resting spent in this place.
 E = Time spent auto-exploring this place.
 F = Levels seen in this place.
 G = Mean time per level.
                   A        B        C        D        E       F      G
               +--------+--------+--------+--------+--------+-----+--------+
         Total |   3989 |   3875 |    114 |    486 |   2626 |   4 |  997.2 |
       Dungeon |   3989 |   3875 |    114 |    486 |   2626 |   4 |  997.2 |
               +--------+--------+--------+--------+--------+-----+--------+

Top non-repeatable levels by time:
     D:2: 1336 daAuts
     D:1: 1329 daAuts
     D:3: 1296 daAuts
     D:4: 26 daAuts
